General information
- name: BNet
- type: Ladder team game (AT/RT)
- host: Battle.net
- saver: lilyachty
map: MarketSquare
- players: 8
- length: 30:46
- speed: Fast
- version: 1.30 W3XP
- replay type: Public
» download(424 KB)
Players
team 1 (loser)
Ultimatium (
orange | 77 APM | 2360 actions | 30:34)
6 Keeper of the Grove
3 Force of Nature
2 Entangling Roots
1 Tranquility
5 Priestess of the Moon
3 Trueshot Aura
2 Searing Arrows
» actions
| Assign group hotkey | 44 | |
| Basic commands | 53 | |
| Build / train | 117 | |
| ESC pressed | 25 | |
| Enter build submenu | 17 | |
| Enter hero's abilities submenu | 12 | |
| Right click | 1070 | |
| Select / deselect | 484 | |
| Select group hotkey | 412 | |
| Use ability | 126 | |
2360 total
» units
| Wisp | 17 | |
| Archer | 24 | |
| Hippogryph | 36 | |
77 total
» upgrades
| Improved Bows | 1 | |
| Nature's Blessing | 1 | |
| Strength of the Moon | 3 | |
| Strength of the Wild | 4 | |
| Marksmanship | 1 | |
| Well Spring | 1 | |
| Reinforced Hides | 2 | |
13 total
» buildings
| Moon Well | 7 | |
| Altar of Elders | 1 | |
| Ancient of War | 3 | |
| Tree of Ages | 1 | |
| Ancient of Wind | 2 | |
| Tree of Life | 1 | |
| Hunter's Hall | 1 | |
| Ancient of Wonders | 1 | |
| Tree of Eternity | 2 | |
19 total
» build order
00:34 Moon Well
00:45 Altar of Elders
01:00 Ancient of War
01:30 Moon Well
02:55 Tree of Ages
03:55 Moon Well
06:01 Ancient of Wind
06:01 Ancient of Wind
06:34 Tree of Life
07:08 Moon Well
07:11 Moon Well
08:05 Moon Well
11:18 Hunter's Hall
12:24 Ancient of Wonders
12:34 Tree of Eternity
12:35 Tree of Eternity
19:50 Ancient of War
19:51 Ancient of War
21:48 Moon Well
» items
| Scroll of Town Portal | 4 | |
| Lesser Clarity Potion | 2 | |
| Potion of Healing | 1 | |
| Scroll of Protection | 1 | |
8 total
Sexy_Grunt (
teal | 80 APM | 2437 actions | 30:28)
6 Death Knight
3 Death Coil
3 Unholy Aura
4 Lich
2 Frost Armor
2 Frost Nova
2 Dark Ranger
2 Silence
» actions
| Assign group hotkey | 37 | |
| Basic commands | 37 | |
| Build / train | 100 | |
| ESC pressed | 16 | |
| Enter build submenu | 36 | |
| Enter hero's abilities submenu | 12 | |
| Give item / drop item | 5 | |
| Right click | 1293 | |
| Select / deselect | 391 | |
| Select group hotkey | 319 | |
| Use ability | 191 | |
2437 total
» units
| Acolyte | 8 | |
| Ghoul | 6 | |
| Crypt Fiend | 17 | |
| Obsidian Statue | 6 | |
| Frost Wyrm | 14 | |
51 total
» upgrades
| Creature Attack | 3 | |
| Web | 1 | |
| Backpack | 1 | |
| Creature Carapace | 2 | |
| Freezing Breath | 1 | |
8 total
» buildings
| Crypt | 1 | |
| Altar of Darkness | 1 | |
| Ziggurat | 12 | |
| Graveyard | 1 | |
| Tomb of Relics | 1 | |
| Halls of the Dead | 1 | |
| Black Citadel | 1 | |
| Slaughterhouse | 1 | |
| Sacrificial Pit | 1 | |
| Boneyard | 2 | |
| Nerubian Tower | 2 | |
| Spirit Tower | 3 | |
27 total
» build order
00:11 Crypt
00:20 Altar of Darkness
00:35 Ziggurat
00:58 Graveyard
01:33 Tomb of Relics
01:54 Ziggurat
03:29 Halls of the Dead
05:58 Black Citadel
06:07 Slaughterhouse
06:32 Ziggurat
09:43 Ziggurat
09:57 Ziggurat
09:59 Ziggurat
11:12 Sacrificial Pit
12:49 Boneyard
12:53 Boneyard
13:51 Nerubian Tower
13:53 Spirit Tower
14:21 Ziggurat
14:23 Ziggurat
15:34 Spirit Tower
15:35 Spirit Tower
20:16 Ziggurat
21:45 Nerubian Tower
21:47 Ziggurat
29:47 Ziggurat
29:50 Ziggurat
» items
| Rod of Necromancy | 2 | |
| Scroll of Regeneration | 3 | |
| Lesser Clarity Potion | 2 | |
| Orb of Corruption | 1 | |
| Scroll of Town Portal | 4 | |
| Potion of Healing | 1 | |
| Staff of Sanctuary | 1 | |
14 total

»
gogogoalex (
red | 50 APM | 1531 actions | 30:45)
5 Demon Hunter
3 Mana Burn
2 Evasion
» actions
| Build / train | 79 | |
| Enter build submenu | 34 | |
| Enter hero's abilities submenu | 5 | |
| Right click | 861 | |
| Select / deselect | 490 | |
| Use ability | 62 | |
1531 total
» units
| Wisp | 30 | |
| Archer | 2 | |
| Huntress | 8 | |
| Glaive Thrower | 2 | |
| Hippogryph | 12 | |
| Chimaera | 6 | |
60 total
» upgrades
| Strength of the Moon | 2 | |
| Upgrade Moon Glaive | 1 | |
| Moon Armor | 1 | |
| Corrosive Breath | 1 | |
| Strength of the Wild | 1 | |
| Reinforced Hides | 1 | |
7 total
» buildings
| Altar of Elders | 2 | |
| Moon Well | 5 | |
| Ancient of War | 5 | |
| Hunter's Hall | 1 | |
| Tree of Ages | 3 | |
| Ancient of Wind | 3 | |
| Ancient of Wonders | 2 | |
| Ancient Protector | 2 | |
| Tree of Eternity | 1 | |
| Tree of Life | 2 | |
| Chimaera Roost | 3 | |
29 total
» build order
00:05 Altar of Elders
00:08 Moon Well
01:00 Ancient of War
01:59 Ancient of War
02:06 Moon Well
02:25 Hunter's Hall
03:10 Moon Well
04:16 Tree of Ages
04:16 Tree of Ages
06:06 Tree of Ages
08:05 Altar of Elders
08:37 Ancient of War
08:41 Ancient of War
08:44 Ancient of War
09:09 Ancient of Wind
09:19 Ancient of Wonders
10:25 Ancient of Wind
11:40 Moon Well
11:59 Ancient Protector
12:06 Ancient Protector
12:52 Ancient of Wind
15:25 Tree of Eternity
15:33 Moon Well
15:39 Ancient of Wonders
17:32 Tree of Life
17:47 Chimaera Roost
17:56 Chimaera Roost
19:25 Chimaera Roost
25:26 Tree of Life
» items
| Scroll of Town Portal | 1 | |
| Orb of Venom | 1 | |
2 total

»
ramucho (
green | 47 APM | 1449 actions | 30:37)
6 Archmage
2 Summon Water Elemental
3 Brilliance Aura
1 Mass Teleport
5 Paladin
2 Holy Light
3 Divine Shield
» actions
| Assign group hotkey | 40 | |
| Build / train | 115 | |
| Enter build submenu | 49 | |
| Enter hero's abilities submenu | 11 | |
| Remove unit from queue | 6 | |
| Right click | 716 | |
| Select / deselect | 348 | |
| Select group hotkey | 94 | |
| Use ability | 70 | |
1449 total
» units
| Peasant | 25 | |
| Footman | 4 | |
| Rifleman | 19 | |
| Priest | 9 | |
| Sorceress | 7 | |
| Spell Breaker | 3 | |
67 total
» upgrades
| Gunpowder | 2 | |
| Priest Training | 2 | |
| Sorceress Training | 2 | |
| Lumber Harvesting | 1 | |
| Magic Sentry | 1 | |
| Long Rifles | 1 | |
| Armor | 1 | |
10 total
» buildings
| Altar of Kings | 1 | |
| Barracks | 1 | |
| Farm | 11 | |
| Arcane Vault | 1 | |
| Blacksmith | 1 | |
| Lumber Mill | 1 | |
| Keep | 1 | |
| Scout Tower | 20 | |
| Arcane Sanctum | 2 | |
| Guard Tower | 17 | |
| Town Hall | 4 | |
| Castle | 1 | |
61 total
» build order
00:06 Altar of Kings
00:15 Barracks
00:20 Farm
01:33 Farm
02:32 Arcane Vault
03:33 Blacksmith
03:43 Farm
04:39 Farm
04:47 Lumber Mill
05:13 Keep
05:32 Farm
06:17 Farm
07:08 Scout Tower
07:43 Arcane Sanctum
07:49 Arcane Sanctum
08:14 Guard Tower
09:03 Town Hall
09:41 Castle
09:45 Farm
10:16 Town Hall
11:13 Scout Tower
12:21 Scout Tower
12:23 Guard Tower
12:52 Scout Tower
12:53 Guard Tower
13:21 Guard Tower
13:59 Town Hall
14:08 Scout Tower
14:56 Scout Tower
15:29 Guard Tower
15:33 Scout Tower
15:48 Farm
16:03 Guard Tower
16:08 Scout Tower
16:12 Guard Tower
17:17 Guard Tower
17:20 Scout Tower
17:24 Scout Tower
17:34 Scout Tower
17:43 Farm
18:25 Guard Tower
19:48 Guard Tower
19:55 Scout Tower
20:32 Scout Tower
21:08 Guard Tower
21:09 Guard Tower
21:14 Scout Tower
21:50 Guard Tower
21:55 Scout Tower
23:21 Town Hall
23:29 Farm
25:06 Farm
27:06 Scout Tower
27:38 Scout Tower
27:41 Guard Tower
28:15 Guard Tower
28:22 Scout Tower
28:58 Guard Tower
29:02 Scout Tower
29:33 Guard Tower
29:55 Scout Tower
» items
team 2 (winner)
Mina (
blue | 80 APM | 2467 actions | 30:45)
7 Death Knight
3 Death Coil
3 Unholy Aura
1 Animate Dead
4 Lich
2 Frost Nova
2 Frost Armor
5 Dreadlord
3 Carrion Swarm
2 Sleep
» actions
| Assign group hotkey | 46 | |
| Basic commands | 111 | |
| Build / train | 100 | |
| ESC pressed | 5 | |
| Enter build submenu | 32 | |
| Enter hero's abilities submenu | 16 | |
| Right click | 1031 | |
| Select / deselect | 651 | |
| Select group hotkey | 339 | |
| Use ability | 134 | |
2467 total
» units
| Acolyte | 6 | |
| Ghoul | 4 | |
| Crypt Fiend | 13 | |
| Frost Wyrm | 6 | |
| Obsidian Statue | 2 | |
| Abomination | 10 | |
41 total
» upgrades
| Creature Attack | 4 | |
| Creature Carapace | 3 | |
| Web | 1 | |
| Disease Cloud | 1 | |
| Unholy Armor | 2 | |
| Unholy Strength | 3 | |
| Freezing Breath | 1 | |
15 total
» buildings
| Crypt | 2 | |
| Graveyard | 1 | |
| Altar of Darkness | 1 | |
| Ziggurat | 8 | |
| Tomb of Relics | 1 | |
| Halls of the Dead | 3 | |
| Black Citadel | 2 | |
| Sacrificial Pit | 1 | |
| Boneyard | 2 | |
| Slaughterhouse | 1 | |
| Necropolis | 1 | |
23 total
» build order
00:10 Crypt
00:13 Crypt
00:19 Graveyard
00:43 Altar of Darkness
00:58 Ziggurat
01:23 Tomb of Relics
02:03 Ziggurat
03:50 Halls of the Dead
03:50 Halls of the Dead
03:51 Halls of the Dead
04:35 Ziggurat
04:57 Ziggurat
07:30 Black Citadel
07:31 Black Citadel
08:29 Sacrificial Pit
10:21 Boneyard
10:23 Boneyard
10:27 Ziggurat
11:41 Ziggurat
12:43 Slaughterhouse
16:03 Ziggurat
21:09 Ziggurat
30:39 Necropolis
» items
| Rod of Necromancy | 2 | |
| Orb of Corruption | 1 | |
| Potion of Mana | 2 | |
| Scroll of Healing | 2 | |
| Scroll of Town Portal | 3 | |
| Periapt of Vitality | 1 | |
| Potion of Lesser Invulnerability | 2 | |
| Anti-magic Potion | 1 | |
| Lesser Clarity Potion | 1 | |
| Potion of Healing | 1 | |
16 total
lilyachty (
pink | 156 APM | 4805 actions | 30:46)
5 Keeper of the Grove
3 Entangling Roots
2 Force of Nature
6 Goblin Alchemist
3 Acid Bomb
2 Chemical Rage
1 Transmute
» actions
| Assign group hotkey | 49 | |
| Basic commands | 271 | |
| Build / train | 103 | |
| ESC pressed | 7 | |
| Enter build submenu | 26 | |
| Enter hero's abilities submenu | 12 | |
| Give item / drop item | 2 | |
| Remove unit from queue | 2 | |
| Right click | 2466 | |
| Select / deselect | 876 | |
| Select group hotkey | 841 | |
| Use ability | 150 | |
4805 total
» units
| Wisp | 25 | |
| Huntress | 5 | |
| Faerie Dragon | 28 | |
| Hippogryph | 3 | |
61 total
» upgrades
| Strength of the Wild | 3 | |
| Reinforced Hides | 3 | |
| Moon Armor | 1 | |
| Ultravision | 1 | |
| Well Spring | 1 | |
9 total
» buildings
| Altar of Elders | 1 | |
| Moon Well | 6 | |
| Hunter's Hall | 1 | |
| Ancient of War | 1 | |
| Ancient of Wonders | 2 | |
| Tree of Ages | 1 | |
| Ancient of Wind | 3 | |
| Tree of Life | 2 | |
| Tree of Eternity | 2 | |
19 total
» build order
00:04 Altar of Elders
00:07 Moon Well
01:24 Hunter's Hall
01:45 Ancient of War
02:05 Moon Well
02:31 Ancient of Wonders
02:34 Ancient of Wonders
02:53 Moon Well
03:41 Tree of Ages
05:57 Moon Well
06:37 Ancient of Wind
06:39 Ancient of Wind
06:43 Ancient of Wind
07:33 Tree of Life
11:54 Tree of Eternity
11:54 Tree of Eternity
12:37 Moon Well
12:40 Moon Well
14:40 Tree of Life
» items
| Scroll of Town Portal | 3 | |
| Staff of Preservation | 1 | |
| Boots of Speed | 2 | |
| Potion of Lesser Invulnerability | 2 | |
| Orb of Venom | 1 | |
| Potion of Healing | 1 | |
| Scroll of Protection | 1 | |
11 total

»
poc (
purple | 107 APM | 3306 actions | 30:45)
7 Keeper of the Grove
3 Entangling Roots
3 Force of Nature
1 Tranquility
6 Priestess of the Moon
3 Trueshot Aura
2 Searing Arrows
1 Starfall
» actions
| Assign group hotkey | 136 | |
| Basic commands | 68 | |
| Build / train | 95 | |
| ESC pressed | 11 | |
| Enter build submenu | 22 | |
| Enter hero's abilities submenu | 14 | |
| Give item / drop item | 3 | |
| Right click | 1745 | |
| Select / deselect | 487 | |
| Select group hotkey | 613 | |
| Use ability | 112 | |
3306 total
» units
| Wisp | 16 | |
| Huntress | 18 | |
| Archer | 4 | |
| Hippogryph | 14 | |
52 total
» upgrades
| Strength of the Moon | 2 | |
| Moon Armor | 1 | |
| Upgrade Moon Glaive | 1 | |
| Strength of the Wild | 2 | |
| Reinforced Hides | 1 | |
| Well Spring | 1 | |
| Marksmanship | 1 | |
| Improved Bows | 1 | |
10 total
» buildings
| Altar of Elders | 1 | |
| Moon Well | 6 | |
| Hunter's Hall | 1 | |
| Ancient of War | 2 | |
| Ancient of Wonders | 1 | |
| Tree of Ages | 1 | |
| Tree of Eternity | 1 | |
| Tree of Life | 5 | |
| Ancient of Wind | 2 | |
| Ancient Protector | 4 | |
24 total
» build order
00:05 Altar of Elders
00:17 Moon Well
01:24 Hunter's Hall
01:54 Ancient of War
01:57 Moon Well
02:34 Ancient of War
02:37 Moon Well
02:51 Ancient of Wonders
05:57 Tree of Ages
06:54 Moon Well
12:35 Tree of Eternity
14:14 Tree of Life
15:17 Moon Well
15:27 Moon Well
15:52 Ancient of Wind
15:53 Ancient of Wind
15:58 Tree of Life
19:51 Tree of Life
20:57 Tree of Life
24:22 Tree of Life
29:27 Ancient Protector
29:33 Ancient Protector
29:34 Ancient Protector
29:35 Ancient Protector
» items
| Dust of Appearance | 4 | |
| Lesser Clarity Potion | 1 | |
| Potion of Healing | 1 | |
| Scroll of Healing | 2 | |
| Scroll of Town Portal | 4 | |
| Moonstone | 2 | |
| Scroll of Protection | 1 | |
| Orb of Venom | 1 | |
16 total
-love- (
yellow | 179 APM | 5497 actions | 30:45)
6 Dark Ranger
3 Black Arrow
2 Life Drain
1 Charm
» actions
| Assign group hotkey | 66 | |
| Basic commands | 1 | |
| Build / train | 106 | |
| Enter build submenu | 28 | |
| Enter hero's abilities submenu | 7 | |
| Give item / drop item | 2 | |
| Right click | 2670 | |
| Select / deselect | 791 | |
| Select group hotkey | 1768 | |
| Use ability | 58 | |
5497 total
» units
| Wisp | 35 | |
| Archer | 29 | |
| Hippogryph | 10 | |
74 total
» upgrades
| Strength of the Moon | 3 | |
| Moon Armor | 3 | |
| Improved Bows | 1 | |
| Nature's Blessing | 1 | |
| Marksmanship | 1 | |
| Well Spring | 1 | |
| Strength of the Wild | 2 | |
| Reinforced Hides | 2 | |
14 total
» buildings
| Moon Well | 8 | |
| Altar of Elders | 1 | |
| Hunter's Hall | 1 | |
| Ancient of War | 2 | |
| Ancient Protector | 9 | |
| Ancient of Wonders | 1 | |
| Tree of Life | 2 | |
| Tree of Ages | 1 | |
| Ancient of Wind | 4 | |
| Tree of Eternity | 1 | |
30 total
» build order
00:11 Moon Well
00:19 Altar of Elders
01:25 Hunter's Hall
02:06 Ancient of War
02:11 Ancient of War
02:16 Moon Well
02:44 Ancient Protector
03:01 Ancient Protector
03:12 Moon Well
05:14 Ancient of Wonders
06:22 Tree of Life
06:35 Ancient Protector
06:40 Ancient Protector
06:44 Tree of Life
06:50 Ancient Protector
07:07 Ancient Protector
07:27 Ancient Protector
08:59 Tree of Ages
09:40 Moon Well
10:17 Moon Well
11:15 Moon Well
12:00 Ancient of Wind
12:05 Ancient of Wind
12:08 Ancient of Wind
12:11 Tree of Eternity
12:15 Ancient of Wind
12:19 Moon Well
12:56 Moon Well
13:03 Ancient Protector
13:08 Ancient Protector
» items
| Potion of Lesser Invulnerability | 1 | |
| Potion of Healing | 1 | |
| Scroll of Town Portal | 6 | |
| Orb of Venom | 1 | |
9 total
Chat log
(00:09 / Allies) poc: 4 nelfs
(00:12 / Allies) poc: what a fuuuuuuuuuuuuuuuuuuck
(00:23 / Allies) lilyachty: do u not see the ud
(00:28 / Allies) poc: ops
(00:29 / Allies) poc: ;D
(00:35 / Allies) poc: sry pussy
(00:44 / Allies) -love-: we mass maybe?
(00:45 / Allies) poc: plan?
(00:51 / Allies) poc: k we can
(00:52 / Allies) -love-: t1
(00:53 / Allies) -love-: kk
(01:01 / Allies) -love-: dark ranger and archers
(01:07 / Allies) poc: kotg huntress
(06:08 / Allies) poc: 3 were here
(08:44 / Allies) lilyachty: is this guy
(08:45 / Allies) lilyachty: for real LOL
(09:03 / Allies) lilyachty: i thoguth euros were smart
(15:41 / Allies) Mina: do we have anything against those hipps?
(16:51 / Allies) -love-: b
(17:21 / Allies) -love-: we ned more aa
(17:30 / Allies) lilyachty: just dismount
(17:37 / Allies) lilyachty: get immunity pots
(17:38 / Allies) -love-: that is not enough
(17:38 / Allies) lilyachty: for his kotg
(17:42 / Allies) lilyachty: we would of won that
(17:44 / Allies) -love-: that is not enough
(17:46 / Allies) -love-: no
(18:05 / Allies) Mina: i was caught between 2 elds
(18:06 / Allies) Mina: elfs
(19:59 / Allies) lilyachty: hard to tp with euro lag
(20:09 / Allies) Mina: ya
(21:47 / Allies) poc: scrolls
(21:48 / Allies) poc: mass
(22:32 / Allies) poc: wyrm
(22:32 / Allies) poc: lol
(22:58 / Allies) poc: b
(24:31 / Allies) poc: tp
(24:37 / Allies) -love-: b
(25:40 / Allies) poc: hard
(25:41 / Allies) poc: without
(25:44 / Allies) poc: expo
(27:25 / Allies) lilyachty: smartest player
(27:26 / Allies) lilyachty: kill
(27:32 / Allies) -love-: who?
(27:34 / Allies) -love-: orange?
(28:29 / Allies) lilyachty: ?